 Dungeon Crawl Stone Soup version 0.29.1-12-g30fa7ad0bf (webtiles) character file.

Game seed: 2559036627144376668

292 cheesebisquit the Skirmisher (level 6, -12/50 HPs)
             Began as a Minotaur Hunter on Jan 15, 2023.
             Was an Initiate of Okawaru.
             Mangled by an ogre
             ... wielding a +0 giant club
              (23 damage)
             ... on level 4 of the Dungeon.
             The game lasted 00:15:51 (3388 turns).

cheesebisquit the Skirmisher (Minotaur Hunter)      Turns: 3388, Time: 00:15:51

Health: -12/50     AC:  3    Str: 15    XL:     6   Next: 10%
Magic:  5/5        EV: 12    Int: 12    God:    Okawaru [......]
Gold:   101        SH:  0    Dex: 16    Spells: 5/5 levels left

rFire   . . .      SeeInvis .   a - +0 shortbow
rCold   . . .      Faith    .   (shield currently unavailable)
rNeg    . . .      Spirit   .   c - +0 leather armour
rPois   .          Reflect  .   (helmet restricted)
rElec   .          Harm     .   (no cloak)
rCorr   .          Rampage  .   (no gloves)
Will    .....                   (no boots)
Stlth   ++........              (no amulet)
HPRegen 0.16/turn               k - +6 ring of intelligence
MPRegen 0.09/turn               r - ring of wizardry

@: no status effects
A: horns 2, retaliatory headbutt
a: Renounce Religion


You were on level 4 of the Dungeon.
You worshipped Okawaru.
Okawaru was noncommittal.
You visited 2 branches of the dungeon, and saw 5 of its levels.

You collected 101 gold pieces.

Inventory:

Hand Weapons
 a - a +0 shortbow (weapon)
Missiles
 m - 5 atropa-tipped darts
Armour
 c - a +0 leather armour (worn)
 f - a +0 ring mail
Jewellery
 k - a +6 ring of intelligence (left hand)
 r - a ring of wizardry (right hand)
Scrolls
 b - 3 scrolls of immolation
 d - 2 scrolls of teleportation {unknown}
 i - a scroll of butterflies {unknown}
 j - a scroll of blinking {unknown}
 l - a scroll of summoning {unknown}
 o - a scroll of magic mapping {unknown}
 p - a scroll of identify
 q - a scroll of enchant weapon {unknown}
 u - a scroll of noise {unknown}
Potions
 e - 2 potions of attraction
 g - a potion of curing {unknown}
 h - 2 potions of cancellation
 n - a potion of flight {unknown}
 s - a potion of brilliance {unknown}
 t - a potion of heal wounds {unknown}


   Skills:
 - Level 2.6 Fighting
 + Level 8.0 Ranged Weapons
 - Level 2.3 Dodging
 - Level 1.0 Stealth


You had 5 spell levels left.
You didn't know any spells.
Your spell library was empty.

Dungeon Overview and Level Annotations

Branches:
Dungeon (4/15)             Temple (1/1) D:4

Altars:
Ashenzari
Cheibriados
Dithmenos
Fedhas
Gozag
Hepliaklqana
Kikubaaqudgha
Makhleb
Okawaru
Qazlal
Sif Muna
Uskayaw
Vehumet
Wu Jian
Xom
Zin
The Shining One

Shops:
D:3 (


Innate Abilities, Weirdness & Mutations

You have a pair of horns on your head.
You reflexively headbutt those who attack you in melee.


Message History

The scorpion stings you.
The scorpion stings you but does no damage.
Fire: a) +0 shortbow
Press: ? - help, Q - select action, (/) - cycle Shift-Dir - straight line, f/p - scorpion
Aim: a scorpion (almost dead, 64% to hit)
You shoot an arrow. The arrow hits the scorpion!
You kill the scorpion!
Okawaru is honoured by your kill.
The ogre hits you with a +0 giant club!!
Your Ranged Weapons skill increases to level 8!
You have reached level 6!
Okay, then.
Fire: a) +0 shortbow
Press: ? - help, Q - select action, (/) - cycle Shift-Dir - straight line, f - ogre
Aim: an ogre, wielding a +0 giant club (78% to hit)
You shoot an arrow. The arrow hits the ogre.
The ogre is lightly wounded.
Fire: a) +0 shortbow
Press: ? - help, Q - select action, (/) - cycle Shift-Dir - straight line, f/p - ogre
Aim: an ogre, wielding a +0 giant club (lightly wounded, 78% to hit)
You shoot an arrow. The arrow hits the ogre!
The ogre is heavily wounded.
The ogre barely misses you.
Fire: a) +0 shortbow
Press: ? - help, Q - select action, (/) - cycle Shift-Dir - straight line, f/p - ogre
Aim: an ogre, wielding a +0 giant club (heavily wounded, 78% to hit)
You shoot an arrow. The arrow hits the ogre.
The ogre is severely wounded.
An endoplasm comes into view.
The ogre hits you with a +0 giant club!
* * * LOW HITPOINT WARNING * * *
Okay, then.
Okay, then.
Fire: a) +0 shortbow
Press: ? - help, Q - select action, (/) - cycle Shift-Dir - straight line, f/p - ogre
Aim: an ogre, wielding a +0 giant club (severely wounded, 78% to hit)
You shoot an arrow. The arrow barely misses the ogre.
The arrow hits the orc.
The orc is almost dead.
The ogre hits you with a +0 giant club!!
You die...

....... [# ....... .
.......#. .$...(... ####
....J...# ### ##...
........# #.. ....
.......o# #.# #>## #.# #O#
#.# ###.## #. #.# #@## #.#
#..... #.# #.#
#..#####.####.#.#. .. #.#
#.####................ ...
#)####........###.####.#.#.
...####......#..###.###.#
#..... .........)......#
#....[# ######
#..§~~..###.#.###.#####
.##.~~§~~.# #.#....)#
...~§§§§~§###.###.###


You could see an ogre, an orc and an endoplasm.

Vanquished Creatures
  An ogre (D:4)
  A scorpion (D:4)
  A hound (D:4)
  An iguana (D:3)
  3 adders (D:3)
  2 dart slugs
  2 orcs
  9 ball pythons
  7 bats
  3 endoplasms
  5 giant cockroaches
  8 goblins
  4 hobgoblins
  2 jackals (D:2)
  A kobold (D:2)
  3 quokkas
  2 frilled lizards
  9 rats
64 creatures vanquished.

Notes
Turn   | Place    | Note
-------+----------+-------------------------------------------
     0 | D:1      | cheesebisquit the Minotaur Hunter began the quest for the
                  | Orb.
     0 | D:1      | Reached XP level 1. HP: 18/18 MP: 0/0
   125 | D:1      | Reached skill level 1 in Stealth
   160 | D:1      | Reached XP level 2. HP: 25/25 MP: 1/1
   238 | D:1      | Reached skill level 5 in Ranged Weapons
   545 | D:1      | Reached XP level 3. HP: 29/30 MP: 2/2
  1726 | D:3      | Found a stormy altar of Qazlal.
  1728 | D:3      | Noticed an air elemental
  1729 | D:3      | Noticed a fire elemental
  1729 | D:3      | Noticed a water elemental
  1729 | D:3      | Noticed an earth elemental
  1881 | D:3      | Reached skill level 6 in Ranged Weapons
  1881 | D:3      | Reached XP level 4. HP: 37/37 MP: 3/3
  1960 | D:3      | Found Fedar's Weapon Boutique.
  2746 | D:4      | Reached XP level 5. HP: 42/42 MP: 4/4
  2850 | D:4      | Found a staircase to the Ecumenical Temple.
  2853 | D:4      | Noticed an ogre
  2859 | D:4      | Killed an ogre
  2860 | D:4      | Reached skill level 7 in Ranged Weapons
  2865 | Temple   | Entered the Ecumenical Temple
  3171 | Temple   | Became a worshipper of Warmaster Okawaru
  3376 | D:4      | Noticed an ogre
  3385 | D:4      | Reached skill level 8 in Ranged Weapons
  3385 | D:4      | Reached XP level 6. HP: 22/50 MP: 5/5
  3388 | D:4      | Mangled by an ogre

Illustrated notes

Levels and vault maps discovered:
D:1:      eino_arrival_water_cross, layout_basic, minmay_split_cup_small
D:2:      layout_basic
D:3:      layout_basic, nicolae_qazlal_style_of_elements, serial_shops, shop
D:4:      layout_loops_ring, minmay_temple_entry_mist,
          nicolae_shop_i_like_big_books
Temple:   minmay_temple_bridge_d

Skill      XL: |  1  2  3  4  5 |
---------------+----------------+-----
Stealth        | 1 |  1.0
Ranged Weapons | 5 6 8 |  8.0
Fighting       | |  2.6
Dodging        | |  2.3

Action                   |  1- 3 |  4- 6 || total
-------------------------+-------+-------++-------
 Fire: Shortbow          |   114 |    47 ||   161
  Use: Scroll            |       |     3 ||     3
Armor: Leather armour    |     6 |     4 ||    10
       Ring mail         |     6 |       ||     6
Dodge: Dodged            |    26 |    22 ||    48
